 Dungeon Crawl Stone Soup version 0.21-a0-630-g344d351 (webtiles) character file.

28 Lanoc the Poker (level 3, -1/29 HPs)
             Began as a Merfolk Monk on Dec 25, 2017.
             Succumbed to Sigmund's poison
             ... on level 2 of the Dungeon.
             The game lasted 00:03:45 (929 turns).

Lanoc the Poker (Merfolk Monk)                       Turns: 929, Time: 00:03:45

Health: -1/29      AC:  2    Str: 11    XL:     3   Next: 14%
Magic:  3/3        EV: 15    Int:  9    God:
Gold:   48         SH:  0    Dex: 17    Spells: 2/2 levels left

rFire    . . .     SeeInvis .   a - +0 spear
rCold    . . .     Gourm    .   (no shield)
rNeg     . . .     Faith    .   b - +0 robe
rPois    .         Spirit   .   (no helmet)
rElec    .         Reflect  .   (no cloak)
rCorr    .         Harm     .   (no gloves)
MR       .....                  (no boots)
Stlth    ++........             (no amulet)
HPRegen  0.09/turn              g - +2 ring of evasion
MPRegen  0.08/turn              (no ring)

@: lethally poisoned (-1 -> -23), heavily drained
A: change form in water, swift swim, stealthy swim
a: no special abilities


You were on level 2 of the Dungeon.
You were not hungry.

You visited 1 branch of the dungeon, and saw 2 of its levels.

You collected 48 gold pieces.

Inventory:

Hand Weapons
 a - a +0 spear (weapon)
Armour
 b - a +0 robe (worn)
Jewellery
 g - a +2 ring of evasion (left hand)
Comestibles
 c - 4 rations
 d - 4 chunks of flesh


   Skills:
 + Level 3.6(2.0) Fighting
 * Level 5.3(3.7) Polearms
 + Level 4.4(2.8) Dodging
 - Level 2.1(0.6) Stealth


You had 2 spell levels left.
You didn't know any spells.

Dungeon Overview and Level Annotations

Branches:
Dungeon (2/15)

Altars:

Annotations:
D:2 Sigmund


Message History

Deactivating autopickup; reactivate with Ctrl-A.
Something hits you.
You are poisoned.
You hit something.
You feel sick.
You barely miss something.
You feel sick.
You hear some strange, mumbled words.
A magic dart appears from out of thin air!
The magic dart hits you!
You hit something.
You feel sick. Something hits you!
You are lethally poisoned!
You hit something but do no damage.
You feel sick.
You hear some strange, mumbled words.
A puff of flame appears from out of thin air!
The puff of flame hits you!
* * * LOW HITPOINT WARNING * * *
You aren't carrying any potions.
As you read the scroll labeled ERIRAEW VUY, it crumbles to dust.
The creatures around you are filled with an inner flame!
It was a scroll of immolation.
You die...

############
#.........<#
#.########.#
#.########.#
#...>......#
####
#..#######.#
... #..#
#.####.##
#..#
#.{.....#####
#..#
#@###........
#..# #.#
#........
##..# #.#
#...####.
#...# #.#
#..... #..##
#.# .(.####
#..# #.. .@..
#..##### ###
...# #......#
#.r.#
#.####.#


There were no monsters in sight!

Vanquished Creatures
  4 leopard geckos (D:1)
  5 bats (D:1)
  A giant cockroach (D:1)
  2 hobgoblins
  2 jackals (D:2)
  A kobold (D:1)
  2 ball pythons
  2 goblins (D:1)
  3 rats (D:1)
22 creatures vanquished.

Vanquished Creatures (others)
  7 toadstools (D:1)
7 creatures vanquished.

Grand Total: 29 creatures vanquished

Notes
Turn   | Place    | Note
-------+----------+-------------------------------------------
     0 | D:1      | Lanoc the Merfolk Monk began the quest for the Orb.
     0 | D:1      | Reached XP level 1. HP: 18/18 MP: 1/1
   184 | D:1      | Reached XP level 2. HP: 24/24 MP: 2/2
   193 | D:1      | Reached skill level 5 in Polearms
   738 | D:2      | Reached XP level 3. HP: 19/29 MP: 3/3
   913 | D:2      | Noticed Sigmund
   928 | D:2      | HP: 1/29 [something/puff of flame (10)]
   929 | D:2      | Succumbed to Sigmund's poison

Vault maps used:
D:1:      nagdon_arrival_double_spiral, st_stairs_9
D:2:      uniq_sigmund, uniq_natasha

Skill      XL: |  1  2 |
---------------+-------+-----
Polearms       | 5 |  5.3
Fighting       | |  3.6
Dodging        | |  4.4
Stealth        | |  2.1

Action                   || total
-------------------------++-------
Melee: Spear             ||    90
  Use: Scroll            ||     6
 Stab: Sleeping          ||     5
Armor: Robe              ||     6
       Leather armour    ||     7
Dodge: Dodged            ||    59

Table legend:
 A = Spawn XP
 B = Non-spawn XP
 C = Spawn XP percentage of total XP
 D = Spawn monster count
 E = Non-spawn monster count
 F = Spawn count percentage of total count
 G = Total turns spent on level
                    A         B        C        D         E        F      G
               +---------+---------+-------+---------+---------+-------+---------
         Total |       0 |      41 |   0.0 |       0 |      22 |   0.0 |   929
               +---------+---------+-------+---------+---------+-------+---------
           D:1 |       0 |      33 |   0.0 |       0 |      18 |   0.0 |   727
           D:2 |       0 |       8 |   0.0 |       0 |       4 |   0.0 |   202
               +---------+---------+-------+---------+---------+-------+---------
